 Dungeon Crawl Stone Soup version 0.25-a0-184-gcd15a05269 (webtiles) character file.

Game seed: 4429653320672358500, levelgen mode: deterministic

709 Jindul the Sneak (level 7, -5/52 HPs)
             Began as a Demonspawn Assassin on Nov 27, 2019.
             Was a Follower of Qazlal.
             Slain by an ogre
             ... wielding a +0 giant club
              (12 damage)
             ... on level 5 of the Dungeon.
             The game lasted 00:20:17 (4358 turns).

Jindul the Sneak (Demonspawn Assassin)              Turns: 4358, Time: 00:20:18

Health: -5/52      AC: 14    Str: 12    XL:     7   Next: 40%
Magic:  8/8        EV: 13    Int: 16    God:    Qazlal [*.....]
Gold:   142        SH:  2    Dex: 16    Spells: 6/6 levels left

rFire    + . .     SeeInvis .   o - +2 scythe (vamp)
rCold    + . .     Gourm    .   (shield currently unavailable)
rNeg     + . .     Faith    .   p - +2 robe {rN+}
rPois    .         Spirit   .   w - +1 helmet
rElec    .         Reflect  .   b - scarf {rC+ rF+}
rCorr    +         Harm     .   r - +0 pair of gloves
MR       .....                  u - +2 pair of boots
Stlth    +++.......             (no amulet)
HPRegen  0.17/turn              a - +4 ring of intelligence
MPRegen  0.11/turn              (no ring)

@: no status effects
A: hooves 1, yellow scales 3
a: Renounce Religion


You were on level 5 of the Dungeon.
You worshipped Qazlal.
Qazlal was aware of your devotion.
You were hungry.

You visited 1 branch of the dungeon, and saw 5 of its levels.

You collected 142 gold pieces.

Inventory:

Hand Weapons
 o - a +2 vampiric scythe (weapon)
Missiles
 d - 18 poisoned darts (quivered)
Armour
 b - a scarf of resistance (worn)
 c - a +0 cloak
 p - a +2 robe of positive energy (worn)
 r - a +0 pair of gloves (worn)
 u - a +2 pair of boots (worn)
 w - a +1 helmet (worn)
Jewellery
 a - a +4 ring of intelligence (left hand)
Wands
 s - a wand of digging (4)
 x - a wand of iceblast (9)
Scrolls
 h - 2 scrolls of remove curse
 l - 4 scrolls of teleportation {unknown}
 m - 3 scrolls of fog {unknown}
 n - 2 scrolls of identify
 t - 2 scrolls of amnesia
Potions
 e - 2 potions of ambrosia
 g - a potion of resistance
 i - a potion of mutation {unknown}
 j - a potion of degeneration {unknown}
 k - 2 potions of curing {unknown}
 v - a potion of lignification {unknown}
Comestibles
 f - 9 rations


   Skills:
 + Level 3.4 Fighting
   Level 2.3 Short Blades
 * Level 2.6 Polearms
 + Level 3.2 Throwing
 + Level 2.4 Dodging
 - Level 6.0 Stealth
 + Level 0.5 Unarmed Combat
 + Level 2.1 Invocations


You had 6 spell levels left.
You didn't know any spells.
Your spell library was empty.

Dungeon Overview and Level Annotations

Branches:
Dungeon (5/15)
 Temple: D:4-7

Altars:
Fedhas
Qazlal
Vehumet
Yredelemnul

Annotations:
D:3 exclusions: orc, orc priest and 2 orc wizards


Innate Abilities, Weirdness & Mutations

You have large cloven feet.
You are completely covered in yellow scales. (AC +4, rCorr)


Message History

The ogre is moderately wounded.
The ogre barely misses you.
You hit the ogre.
You feel better.
The ogre is heavily wounded.
The ogre hits you with a +0 giant club!!
The ogre hits you with a +0 giant club!
* * * LOW HITPOINT WARNING * * *
You hit the ogre.
You feel better.
The ogre is severely wounded.
The ogre hits you with a +0 giant club.
* * * LOW HITPOINT WARNING * * *
The ogre looks more healthy.
Throwing (i - inventory)
d - 18 poisoned darts (quivered)
Press: ? - help, Shift-Dir - straight line, f/p - ogre
Aim: an ogre, wielding a +0 giant club (almost dead)
Okay, then.
You barely miss the ogre.
The ogre is almost dead.
The ogre hits you with a +0 giant club!
You die...

#.# #.#.......##
#.###########.#........#
#.#.........#......##..####
#.#.#######.###.##..#......
#.#...#####.....#......###.
#.###........####..#...# #.
#.###.........# #......###.
#.............###..#.......
##...#...O@..........####..
#...##.#####.......†..#...
#...##.# #........#.###÷
#...##.# #.#......#.##.(
#...##.#####...#....#.##.#
######<......(......#.##.#
..... ####(...##.....÷†##.#
.....
#######....##.#...####.#
.....
#.....#....#.........#.#


You could see an ogre.

Vanquished Creatures
  Sigmund (D:2)
  A sky beast (D:5)
  A phantom (D:4)
  A jelly (D:3)
  2 orc wizards (D:4)
  An orc priest (D:3)
  2 worker ants (D:3)
  4 adders
  3 gnolls (D:3)
  An ooze (D:4)
  An adder skeleton (D:5)
  A worm (D:2)
  A dart slug (D:2)
  5 leopard geckos
  13 orcs
  14 bats
  6 giant cockroaches
  5 goblins
  5 hobgoblins
  13 jackals
  3 kobolds
  4 quokkas
  2 ball pythons
  4 frilled lizards
  3 rats
97 creatures vanquished.

Notes
Turn   | Place    | Note
-------+----------+-------------------------------------------
     0 | D:1      | Jindul the Demonspawn Assassin began the quest for the Orb.
     0 | D:1      | Reached XP level 1. HP: 16/16 MP: 1/1
   316 | D:1      | Reached skill level 4 in Stealth
   334 | D:1      | Gained mutation: You are partially covered in yellow
                  | scales. (AC +2) [demonic ancestry]
   334 | D:1      | Reached XP level 2. HP: 21/22 MP: 2/2
  1265 | D:2      | Noticed Sigmund
  1273 | D:2      | Killed Sigmund
  1273 | D:2      | Reached skill level 1 in Dodging
  1273 | D:2      | Reached skill level 5 in Stealth
  1273 | D:2      | Gained mutation: You are mostly covered in yellow scales.
                  | (AC +3) [demonic ancestry]
  1273 | D:2      | Reached XP level 3. HP: 15/28 MP: 3/3
  1273 | D:2      | Reached XP level 4. HP: 18/34 MP: 4/4
  1273 | D:2      | Gained mutation: You have large cloven feet. [demonic
                  | ancestry]
  1273 | D:2      | Reached XP level 5. HP: 21/39 MP: 5/5
  2262 | D:2      | Found a stormy altar of Qazlal.
  2270 | D:2      | Became a worshipper of Qazlal Stormbringer
  2695 | D:3      | Gained mutation: You are completely covered in yellow
                  | scales. (AC +4, rCorr) [demonic ancestry]
  2695 | D:3      | Reached XP level 6. HP: 46/46 MP: 6/6
  3041 | D:3      | Reached * piety under Qazlal
  3054 | D:3      | Found a blossoming altar of Fedhas.
  3078 | D:4      | Found a blossoming altar of Fedhas.
  3085 | D:3      | Reached skill level 1 in Polearms
  3376 | D:3      | Reached skill level 6 in Stealth
  3569 | D:4      | Reached skill level 1 in Invocations
  3588 | D:4      | Found a radiant altar of Vehumet.
  3656 | D:4      | Found a basalt altar of Yredelemnul.
  3742 | D:4      | Reached XP level 7. HP: 52/52 MP: 6/8
  3923 | D:5      | Entered Level 5 of the Dungeon
  4358 | D:5      | Slain by an ogre

Levels and vault maps discovered:
D:1:      mrwooster_arrival_statue_3, layout_loops_corners
D:2:      layout_loops_ring, grunt_qazlal_clouds, uniq_sigmund
D:3:      layout_basic, lemuel_round_altar
D:4:      layout_basic, yredelemnul_altar_generic, lemuel_doored_altar,
          amethyst_killhole, fedhas_altar_2
D:5:      layout_basic, first_ration

Skill      XL: |  1  2  3  4  5  6  7 |
---------------+----------------------+-----
Short Blades   | 2 |  2.3
Stealth        | 4 5 6 |  6.0
Throwing       | 2 3 |  3.2
Dodging        | 1 2 |  2.4
Polearms       | 2 |  2.6
Fighting       | 3 |  3.4
Invocations    | 1 2 |  2.1
Unarmed Combat | |  0.5

Action                   |  1- 3 |  4- 6 |  7- 9 || total
-------------------------+-------+-------+-------++-------
Melee: Dagger            |    46 |       |       ||    46
       Scythe            |       |   171 |    52 ||   223
       Kick              |       |    31 |       ||    31
Throw: Dart              |     2 |       |     2 ||     4
  Use: Scroll            |       |     5 |       ||     5
       Potion            |       |     1 |       ||     1
 Stab: Sleeping          |     6 |    10 |       ||    16
       Distracted        |       |     1 |       ||     1
  Eat: Chunk             |     1 |     8 |     2 ||    11
Armor: Robe              |     9 |   111 |    27 ||   147
Dodge: Dodged            |    21 |   212 |    44 ||   277
Block: Other             |       |    11 |     4 ||    15

Table legend:
 A = Non-vault XP
 B = Vault XP
 C = Vault XP percentage of total XP
 D = Non-vault monster count
 E = Vault monster count
 F = Vault count percentage of total count
                 A         B        C        D         E       F
            +---------+---------+-------+---------+---------+-------
      Total |     772 |     242 |  23.9 |      96 |       1 |   1.0
            +---------+---------+-------+---------+---------+-------
        D:1 |      31 |       0 |   0.0 |      18 |       0 |   0.0
        D:2 |      84 |     242 |  74.2 |      23 |       1 |   4.2
        D:3 |     249 |       0 |   0.0 |      32 |       0 |   0.0
        D:4 |     248 |       0 |   0.0 |      12 |       0 |   0.0
        D:5 |     160 |       0 |   0.0 |      11 |       0 |   0.0
            +---------+---------+-------+---------+---------+-------
